 Dungeon Crawl Stone Soup version 0.29.1-2-gbd0b4ee654 (webtiles) character file.

Game seed: 17998597765400556433

182758 RascalDebosk the Eclecticist (level 18, -9/153 HPs)
             Began as a Djinni Conjurer on Oct 29, 2022.
             Was a Priest of Ashenzari.
             Hit by a silver javelin thrown by a merfolk javelineer (14 damage)
             ... on level 3 of the Shoals.
             The game lasted 05:21:13 (25786 turns).

RascalDebosk the Eclecticist (Djinni Conjurer)     Turns: 25786, Time: 05:21:14

Health: -9/153     AC: 14    Str: 14    XL:     18   Next: 61%
Gold:   1364       EV: 12    Int: 39    God:    Ashenzari [***...] SH: 12 Dex: 15

rFire   + + .      SeeInvis +   i - +0 scimitar of Supernal Wisdom {freeze, Fly rN++ Int+3 Dex+2, Fort, Self} (curse)
rCold   . . .      Faith    .   k - +0 kite shield
rNeg    + + .      Spirit   .   d - +2 troll leather armour
rPois   ∞          Reflect  .   m - +2 hat "Stars of the Bound Seer" {Fort, Self} (curse)
rElec   .          Harm     .   L - +1 cloak of the Northern Lights {rPois Str+2 Int+3 Stlth-}
rCorr   .          Rampage  .   J - +1 pair of gloves "I Foresaw This" {Str+6, Melee, Self} (curse)
Will    +....      Clarity  +   (boots unavailable)
Stlth   +.........              x - amulet "Cryptic Oblivion" {Regen+, Self, Fort} (curse)
HPRegen 1.95/turn               R - ring of protection from cold
MPRegen 0.00/turn               y - ring "Bound Repose" {Int+6, Fort, Self} (curse)

@: flying, invisible
A: sickness immunity, fire resistance 2, cold vulnerability 1, float, innate
caster, HP casting, extra vitality 1
}: 1/15 runes: gossamer
a: Renounce Religion, Curse Item, Shatter the Chains


You were on level 3 of the Shoals.
You worshipped Ashenzari.
Ashenzari was most pleased with you.
You visited 6 branches of the dungeon, and saw 28 of its levels.
You also visited: Gauntlet.

You collected 2357 gold pieces.
You spent 993 gold pieces at shops.

Inventory:

Hand Weapons
 i - the cursed +0 scimitar of Supernal Wisdom (weapon) {freeze, Fly rN++ Int+3 Dex+2, Fort, Self}
   (You acquired it on level 12 of the Dungeon)

   It freezes those it strikes, dealing additional cold damage.
   It can also slow down cold-blooded creatures.
   Int:       It affects your intelligence (+3).
   Dex:       It affects your dexterity (+2).
   rN:        It greatly protects you from negative energy.
   Fly:       It grants you flight.
   It has a curse which improves the following skills: Fortitude: Armour and
   Shields.
   Introspection: Fighting and Spellcasting.
 W - a +0 long sword of flaming
Missiles
 I - a throwing net {@!f}
Armour
 d - a +2 troll leather armour (worn)
 k - a +0 kite shield (worn)
 m - the cursed +2 hat "Stars of the Bound Seer" (worn) {Fort, Self}
   (You found it on level 12 of the Dungeon)

   It has a curse which improves the following skills: Fortitude: Armour and
   Shields.
   Introspection: Fighting and Spellcasting.
 G - a +1 cloak
 J - the cursed +1 pair of gloves "I Foresaw This" (worn) {Str+6, Melee, Self}
   (You found it on level 3 of the Lair of Beasts)

   Str:       It affects your strength (+6).
   It has a curse which improves the following skills: Melee Combat: Short
   Blades, Long Blades, Axes, Maces & Flails, Polearms, Staves and Unarmed
   Combat.
   Introspection: Fighting and Spellcasting.
 L - the +1 cloak of the Northern Lights (worn) {rPois Str+2 Int+3 Stlth-}
   (You found it on level 4 of the Spider Nest)

   Str:       It affects your strength (+2).
   Int:       It affects your intelligence (+3).
   rPois:     It protects you from poison.
   Stlth:     It makes you less stealthy.
Magical Staves
 U - a staff of fire
 V - a staff of poison
Jewellery
 b - a +4 ring of evasion
 n - a ring of positive energy
 x - the cursed amulet "Cryptic Oblivion" (around neck) {Regen+, Self, Fort}
   (You found it on level 5 of the Dungeon)

   [amulet of regeneration]

   Regen:     It increases your rate of health regeneration.
   It has a curse which improves the following skills: Introspection: Fighting
   and Spellcasting.
   Fortitude: Armour and Shields.
 y - the cursed ring "Bound Repose" (right hand) {Int+6, Fort, Self}
   (You found it on level 5 of the Dungeon)

   [ring of intelligence]

   Int:       It affects your intelligence (+6).
   It has a curse which improves the following skills: Fortitude: Armour and
   Shields.
   Introspection: Fighting and Spellcasting.
 z - a ring of willpower
 M - a +4 ring of protection
 R - a ring of protection from cold (left hand)
 S - a ring of ice
Wands
 u - a wand of flame (10)
 F - a wand of polymorph (20)
 H - a wand of iceblast (35)
 P - a wand of charming (22)
 Q - a wand of digging (3)
 X - a wand of quicksilver (4)
Scrolls
 a - 7 scrolls of magic mapping
 c - a scroll of summoning
 g - a scroll of blinking
 h - 4 scrolls of poison
 q - 4 scrolls of vulnerability
 s - 3 scrolls of fear
 t - 18 scrolls of teleportation
 w - 2 scrolls of enchant weapon
 A - 2 scrolls of butterflies
 D - 2 scrolls of silence
Potions
 e - 5 potions of lignification
 f - 2 potions of resistance
 j - 13 potions of curing
 l - 4 potions of haste
 o - 2 potions of mutation
 p - 3 potions of attraction
 r - 5 potions of brilliance
 E - 4 potions of might
 K - 3 potions of berserk rage
 N - 2 potions of heal wounds
 O - 5 potions of ambrosia
 T - a potion of cancellation
Miscellaneous
 B - a box of beasts
 C - a lightning rod (4/4)
 Y - a tin of tremorstones (2/2)


   Skills:
 + Level 16.7(21.2) Fighting
 + Level 12.9(14.4) Long Blades
 - Level 5.0(8.7) Armour
 - Level 5.0 Dodging
 - Level 1.5 Stealth
 - Level 7.4(11.3) Shields
 - Level 16.7(21.2) Spellcasting
 - Level 5.0 Evocations


You had 15 spell levels left.
You knew the following spells:

 Your Spells              Type           Power      Damage    Failure   Level
a - Magic Dart            Conj           100%       1d8       0%          1
b - Searing Ray           Conj           100%       2d8       0%          2
c - Dazzling Flash        Conj/Hex       100%       N/A       0%          3
d - Fulminant Prism       Conj/Hex       59%        3d25      0%          4
e - Iskenderun's Mystic   Conj/Tloc      100%       2d19      0%          4
f - Summon Small Mammal   Summ           100%       N/A       0%          1
g - Poisonous Vapours     Pois/Air       100%       N/A       0%          2
h - Ensorcelled Hibernat  Hex/Ice        100%       N/A       0%          2
i - Passage of Golubria   Tloc           100%       N/A       0%          4
j - Anguish               Hex/Necr       59%        N/A       0%          4
k - Irradiate             Conj/Tmut      59%        3d31      0%          5
l - Iron Shot             Conj/Erth      59%        9d11      1%          6
m - Simulacrum            Ice/Necr       59%        N/A       1%          6
Your spell library was empty.

Dungeon Overview and Level Annotations

Branches:
Dungeon (13/15)            Temple (1/1) D:6            Lair (5/5) D:9
 Shoals (3/4) Lair:3       Spider (4/4) Lair:3        Slime (0/5) Lair:4
    Orc (2/2) D:10            Elf (0/3) Orc:2        Vaults (0/5) D:13
Gauntlet (visited)

Altars:
Ashenzari
Cheibriados
Dithmenos
Elyvilon
Fedhas
Gozag
Hepliaklqana
Makhleb
Nemelex Xobeh
Okawaru
Qazlal
Ru
Trog
Uskayaw
Wu Jian
Xom
Yredelemnul
Zin
The Shining One
Jiyva

Shops:
D:3 (   Orc:1 :   Orc:2 =?*=   Shoals:2 (

Portals:
Abyss: D:3

Annotations:
D:3 2 transporters, llahlahkje's ghost, amateur DsBe


Innate Abilities, Weirdness & Mutations

You are immune to sickness and miasma.
You are immune to poison.
Your flesh is very heat resistant. (rF++)
You are vulnerable to cold. (rC-)
You float through the air rather than walking.
You learn spells naturally, not from books.
Your magical power is your life essence.
You have superior vitality. (+4 MHP)


Message History

Confirm with . or Enter, or press ? or * to list all spells.
Aiming: Poisonous Vapours (safe; 0% risk of failure)
Press: ? - help, Dir - move target, f - faun
Aim: a faun, wielding a +0 sling Poisonous vapours surround the faun!
The faun looks as sick as possible!
The faun shoots a sling bullet.
The sling bullet closely misses you.
The merfolk javelineer throws a silver javelin.
The silver javelin pierces through you!
A merfolk comes into view. It is wielding a +0 trident.
Casting: Poisonous Vapours (safe; 0% risk of failure)
Confirm with . or Enter, or press ? or * to list all spells.
Aiming: Simulacrum (safe; 1% risk of failure)
Press: ? - help, Shift-Dir - straight line, f/p - faun
Aim: a faun, wielding a +0 sling (extremely poisoned)
You freeze the faun's soul.
The faun shoots a sling bullet.
The sling bullet hits you but does no damage.
A merfolk comes into view. It is wielding a +0 trident.
Casting: Simulacrum (safe; 1% risk of failure)
Confirm with . or Enter, or press ? or * to list all spells.
Aiming: Poisonous Vapours (safe; 0% risk of failure)
Press: ? - help, Dir - move target, f/p - faun
Aim: a faun, wielding a +0 sling (lightly wounded, extremely poisoned, simulacrum) Poisonous vapours surround the faun!
The faun looks as sick as possible!
The water nymph gestures at you while chanting.
The water rises up and strikes you!
The merfolk throws a boomerang.
You block the boomerang.
A merfolk comes into view. It is wielding a +0 trident.
Casting: Poisonous Vapours (safe; 0% risk of failure)
Confirm with . or Enter, or press ? or * to list all spells.
Aiming: Simulacrum (safe; 1% risk of failure)
Press: ? - help, Shift-Dir - straight line, f - merfolk, p - faun
Aim: a merfolk, wielding a +1 trident of flaming and quivering boomerangs You freeze the merfolk's soul.
The water nymph casts a spell at you. The water rises up and strikes you!
You block the merfolk's attack.
Aiming: Iron Shot (safe; 1% risk of failure)
Press: ? - help, Q - select action, (/) - cycle Shift-Dir - straight line, f/p - merfolk
Aim: a merfolk, wielding a +1 trident of flaming and quivering boomerangs (simulacrum, 74% to hit)
The iron shot hits the merfolk!!!
The merfolk is severely wounded.
The water nymph casts a spell at you. The water rises up and strikes you!
The merfolk throws a boomerang.
The boomerang completely misses you.
Aiming: Iron Shot (safe; 1% risk of failure)
Press: ? - help, Q - select action, (/) - cycle Shift-Dir - straight line, f/p - merfolk
Aim: a merfolk, wielding a +1 trident of flaming and quivering boomerangs (severely wounded, simulacrum, 74% to hit)
The iron shot hits the merfolk!!!
You kill the merfolk!
A freezing mist starts to gather...
You hear a splash.
You hear a splash.
A freezing mist starts to gather... x5
The merfolk hits your merfolk simulacrum with a +0 trident!
The water nymph touches your merfolk simulacrum.
The merfolk javelineer throws a silver javelin.
The silver javelin pierces through you.
The merfolk hits your merfolk simulacrum with a +0 trident!!
The faun unwields a +0 sling.
The faun wields a +0 spear.
The faun splashes around in the water.
The merfolk hits your merfolk simulacrum with a +0 trident!
Casting: Iron Shot (safe; 1% risk of failure)
Confirm with . or Enter, or press ? or * to list all spells.
Aiming: Simulacrum (safe; 1% risk of failure)
Press: ? - help, Shift-Dir - straight line, f - merfolk javelineer
Aim: a merfolk javelineer, wielding a +1 vorpal spear, wearing a +0 leather armour and quivering silver javelins (ally target)
You freeze the merfolk javelineer's soul.
The merfolk closely misses your merfolk simulacrum.
The water nymph gestures at you while chanting.
The water rises up and strikes you!!
* * * LOW HITPOINT WARNING * * *
The merfolk javelineer throws a silver javelin.
The silver javelin pierces through you!
* * * LOW HITPOINT WARNING * * *
* * * LOW HITPOINT WARNING * * *
The merfolk barely misses your merfolk simulacrum.
The faun gestures at you while chanting.
Your merfolk simulacrum's willpower is stripped away.
The merfolk hits your merfolk simulacrum with a +0 trident!
Your merfolk simulacrum vaporises!
You fade into invisibility!
The merfolk throws a boomerang.
The boomerang misses you.
Your merfolk simulacrum hits the merfolk.
Your merfolk simulacrum freezes the merfolk!
Your merfolk simulacrum hits the faun.
Your merfolk simulacrum freezes the faun!
The merfolk javelineer throws a silver javelin.
The silver javelin pierces through you!!
* * * LOW HITPOINT WARNING * * *
* * * LOW HITPOINT WARNING * * *
The faun splashes around in the water.
You feel much better. The water nymph casts a spell at you.
The water rises up and strikes you!!
* * * LOW HITPOINT WARNING * * *
Your merfolk simulacrum hits the merfolk!
Your merfolk simulacrum freezes the merfolk!
Your merfolk simulacrum closely misses the faun.
The merfolk javelineer throws a silver javelin.
The silver javelin pierces through you!
You die...

≈≈≈≈≈~~~~≈≈≈≈≈≈≈≈≈≈≈≈≈≈≈≈≈#
≈~~~~~~~~≈≈≈≈≈≈≈≈≈~~≈≈≈≈≈≈#
~~~~~~~~~≈≈≈~~PP~PP~~≈≈≈≈≈#
≈≈~~~~~~~~P~~≈≈≈≈# ~
≈≈≈PP~P~~~P~~~≈≈≈# ,
≈≈≈≈~~~~...~~~≈≈≈# * ,
≈≈≈≈≈P~..#.~~~≈≈≈# ,
~≈≈≈~~~~...~~~≈≈≈# ,
~~~≈≈m~@~~~~~≈≈≈≈# ^
~~~~Z≈~~~~P~~~≈≈≈#
~≈~m~)~~~~~~~≈≈≈≈# ,
.~~mmZ~~~~~≈≈≈≈≈≈#
~.~≈mZZ~~~≈≈≈≈≈≈≈≈# , ,
..~c~~~~≈≈≈≈≈≈≈≈≈# ,
....~~~≈≈≈≈≈≈≈≈≈≈#
....~~~≈≈≈≈≈≈≈≈≈≈ ~ * ~ ~


You could see a merfolk javelineer (unable to see you, ally target, simulacrum),
3 merfolk, a faun (unable to see you, very poisoned, ally target, simulacrum), a
water nymph (unable to see you) and 4 friendly merfolk simulacra.

Vanquished Creatures
  Arachne (Spider:2)
  Asterion (Spider:4)
  A kraken (Shoals:3)
  Frances (D:13)
  Agnes (Spider:3)
  4 emperor scorpions
  4 ghost moths
  2 broodmothers (Spider:4)
  2 entropy weavers
  A merfolk javelineer (Shoals:3)
  A fire dragon (D:9)
  Erolcha (D:13)
  3 vault guards (D:13)
  5 boulder beetles
  5 hydras
  A merfolk avatar (Shoals:3)
  A jorogumo (Spider:4)
  2 ogre magi
  2 alligator snapping turtles
  A tengu warrior (D:13)
  6 two-headed ogres
  3 orc high priests
  Nergalle (D:10)
  Amaemon (Lair:2)
  2 sun moths
  5 pharaoh ants
  3 steelbarb worms
  2 sea snakes
  9 orb spiders
  Pikel (D:7)
  10 orc knights
  2 harpies (Shoals:1)
  A deep elf pyromancer (D:13)
  3 manticores
  4 ugly things
  12 wolf spiders
  5 cyclopes
  9 orc sorcerers
  4 moths of wrath
  A guardian serpent (Lair:5)
  7 elephants (Lair:5)
  6 black mambas
  2 molten gargoyles (Lair:3)
  A water nymph (Shoals:3)
  4 torpor snails
  An orange demon (Lair:2)
  4 gargoyles
  An unseen horror (D:11)
  12 demonic crawlers
  2 rime drakes
  A yaktaur (D:13)
  14 cane toads
  Psyche (D:9)
  5 komodo dragons
  A kobold demonologist (D:12)
  A tengu conjurer (D:13)
  3 polar bears
  8 merfolk
  12 saltlings (Orc:2)
  9 trolls
  Prince Ribbit (D:6)
  15 tarantellas
  3 hornets
  10 blink frogs
  A wind drake (Shoals:2)
  14 dream sheep
  3 snapping turtles
  22 jumping spiders
  13 culicivoras
  A shadow (D:10)
  A jumping spider (shapeshifter) (D:13)
  Sigmund (D:6)
  6 wraiths
  12 wyverns
  33 yaks
  2 water elementals
  4 basilisks
  4 fire bats (Lair:4)
  26 redbacks
  3 steam dragons
  5 vampire mosquitoes (D:11)
  3 wargs (Orc:2)
  28 water moccasins
  23 orc warriors
  An ice beast (D:7)
  A black bear (D:2)
  15 ogres
  32 wolves
  13 centaurs
  A lemure (D:7)
  5 kobold brigands
  5 necrophages
  A bullfrog (shapeshifter) (D:10)
  7 bullfrogs
  3 gnoll sergeants
  4 scorpions
  A water moccasin skeleton (D:3)
  5 wights
  16 killer bees
  6 electric eels
  6 howler monkeys
  8 lava snakes (Lair:3)
  A jelly (D:5)
  Crazy Yiuf (D:6)
  4 hounds
  12 orc priests
  Jessica (D:3)
  2 iguanas
  23 orc wizards
  5 hell rats (Lair:4)
  11 gnolls
  6 adders
  2 white imps
  An ufetubus (D:7)
  An adder skeleton (D:3)
  6 worms
  3 dart slugs
  67 orcs
  13 ball pythons
  7 endoplasms
  2 giant cockroaches (D:2)
  8 goblins
  4 hobgoblins
  2 jackals (D:5)
  16 kobolds
  A quokka (D:1)
  4 bats
  3 frilled lizards
  A giant cockroach zombie (D:3)
  A quokka skeleton (D:3)
  A quokka zombie (D:3)
  5 rats
  A fire vortex (Lair:4)
  A fulminant prism (D:10)
  6 pillars of salt (Orc:2)
  A tentacle (Shoals:3)
806 creatures vanquished.

Vanquished Creatures (collateral kills)
  Nikola (Spider:4)
  A ghost moth (Spider:4)
  A stone giant (Shoals:1)
  4 entropy weavers (Spider:4)
  2 merfolk impalers (Shoals:1)
  5 jorogumos (Spider:4)
  A radroach (Spider:4)
  An alligator snapping turtle (Shoals:2)
  A merfolk aquamancer (Shoals:2)
  2 centaur warriors
  A death scarab (Spider:4)
  5 pharaoh ants (Spider:4)
  4 sea snakes
  A sun moth (Spider:4)
  4 orb spiders (Spider:4)
  A harpy (Shoals:1)
  6 fauns (Shoals:2)
  4 wolf spiders (Spider:4)
  A cyclops (Shoals:1)
  3 water nymphs
  4 merfolk sirens
  2 torpor snails (Spider:4)
  A demonic crawler (Spider:4)
  6 merfolk
  3 tarantellas (Spider:4)
  A wind drake (Shoals:1)
  3 snapping turtles
  3 dream sheep (Shoals:1)
  6 jumping spiders (Spider:4)
  2 culicivoras (Spider:4)
  4 water elementals
  6 redbacks (Spider:4)
  2 plants
92 creatures vanquished.

Vanquished Creatures (others)
  An emperor scorpion (Spider:3)
  2 redbacks
  2 demonic plants (Gauntlet)
  121 fulminant prisms
  37 fungi
  8 pillars of salt (Orc:2)
  78 plants
  6 tentacles (Shoals:3)
  A withered plant (D:3)
256 creatures vanquished.

Grand Total: 1154 creatures vanquished

Notes
Turn   | Place    | Note
-------+----------+-------------------------------------------
     0 | D:1      | RascalDebosk the Djinni Conjurer began the quest for the
                  | Orb.
     0 | D:1      | RascalDebosk set off with the following spells memorised:
                  | Magic Dart, Searing Ray, Dazzling Flash, Fulminant Prism,
                  | Iskenderun's Mystic Blast.
     0 | D:1      | Reached XP level 1. HP: 15/15 MP: 0/0
   253 | D:1      | Reached XP level 2. HP: 17/21 MP: 0/0
   863 | D:2      | Reached XP level 3. HP: 20/25 MP: 0/0
   863 | D:2      | Learned a level 1 spell: Summon Small Mammal
  1534 | D:2      | Noticed a black bear
  1956 | D:2      | Reached XP level 4. HP: 28/31 MP: 0/0
  2123 | D:2      | Killed a black bear
  2124 | D:2      | Reached skill level 5 in Spellcasting
  2124 | D:2      | Reached XP level 5. HP: 25/35 MP: 0/0
  2124 | D:2      | Learned a level 2 spell: Poisonous Vapours
  2343 | D:3      | Noticed Jessica
  2344 | D:3      | Killed Jessica
  2506 | D:3      | Found a transporter.
  2515 | D:3      | Reached XP level 6. HP: 29/41 MP: 0/0
  2678 | D:3      | Reached skill level 1 in Fighting
  2678 | D:3      | Reached skill level 1 in Armour
  2804 | D:3      | Found a white marble altar of Elyvilon.
  2947 | D:3      | Found Forhyra's Weapon Shoppe.
  2984 | D:3      | Found a one-way gate to the infinite horrors of the Abyss.
  2984 | D:3      | Noticed a toenail golem
  2984 | D:3      | Noticed llahlahkje's ghost (amateur DsBe)
  2990 | D:3      | Noticed a small abomination
  3000 | D:3      | Found a transporter.
  3611 | D:4      | Reached XP level 7. HP: 18/49 MP: 0/0
  3611 | D:4      | Learned a level 2 spell: Ensorcelled Hibernation
  4203 | D:4      | Found a shadowy altar of Dithmenos.
  4626 | D:5      | Entered Level 5 of the Dungeon
  5211 | D:5      | Reached XP level 8. HP: 53/56 MP: 0/0
  6024 | D:6      | Found a runed translucent door.
  6025 | D:6      | Noticed Crazy Yiuf
  6030 | D:6      | Killed Crazy Yiuf
  6093 | D:6      | Noticed Sigmund
  6100 | D:6      | Killed Sigmund
  6134 | D:6      | Reached XP level 9. HP: 56/62 MP: 0/0
  6134 | D:6      | Learned a level 4 spell: Passage of Golubria
  6157 | D:6      | Noticed Prince Ribbit
  6160 | D:6      | Killed Prince Ribbit
  6255 | D:6      | Reached skill level 5 in Armour
  6258 | D:6      | Reached skill level 5 in Fighting
  6569 | D:6      | Found a staircase to the Ecumenical Temple.
  6583 | Temple   | Entered the Ecumenical Temple
  6732 | Temple   | Became a worshipper of Ashenzari the Shackled
  6830 | D:7      | Found an iron altar of Okawaru.
  6859 | D:7      | Noticed Pikel
  6863 | D:7      | Killed Pikel
  7058 | D:7      | Reached XP level 10. HP: 69/72 MP: 0/0
  7096 | D:7      | Found a sacrificial altar of Ru.
  7204 | D:7      | Found an opulent altar of Gozag.
  7906 | D:8      | Found a sparkling altar of Nemelex Xobeh.
  8154 | D:8      | Found a burning altar of Makhleb.
  8154 | D:8      | Noticed a cacodemon
  8335 | D:9      | Reached skill level 1 in Shields
  8337 | D:9      | Noticed a fire dragon
  8348 | D:9      | Killed a fire dragon
  8388 | D:9      | Noticed Psyche
  8390 | D:9      | Killed Psyche
  8645 | D:9      | Noticed a komodo dragon
  8646 | D:9      | Found a staircase to the Lair.
  8654 | D:9      | Killed a komodo dragon
  8655 | D:9      | Reached skill level 10 in Spellcasting
  8655 | D:9      | Reached XP level 11. HP: 71/80 MP: 0/0
  8655 | D:9      | Learned a level 4 spell: Anguish
  8870 | D:9      | Found a blossoming altar of Fedhas.
  9097 | D:10     | Entered Level 10 of the Dungeon
  9166 | D:10     | Noticed Nergalle
  9173 | D:10     | Killed Nergalle
  9221 | D:10     | Noticed a two-headed ogre
  9234 | D:10     | Killed a two-headed ogre
  9308 | D:10     | Noticed a two-headed ogre
  9319 | D:10     | Killed a two-headed ogre
  9367 | D:10     | Noticed a cyclops
  9369 | D:10     | Noticed an orc high priest
  9373 | D:10     | Killed an orc high priest
  9373 | D:10     | Killed a cyclops
  9374 | D:10     | Reached skill level 5 in Shields
  9398 | D:10     | Noticed an orc knight
  9404 | D:10     | Killed an orc knight
  9408 | D:10     | Noticed a cyan ugly thing
  9409 | D:10     | Noticed a white ugly thing
  9412 | D:10     | Killed a white ugly thing
  9416 | D:10     | Killed a cyan ugly thing
  9417 | D:10     | Reached XP level 12. HP: 73/89 MP: 0/0
  9668 | D:10     | Noticed a boulder beetle
  9680 | D:10     | Killed a boulder beetle
  9877 | D:10     | Found a snail-covered altar of Cheibriados.
  9971 | D:10     | Found a staircase to the Orcish Mines.
 10332 | D:11     | Reached skill level 5 in Dodging
 10800 | D:11     | Noticed a two-headed ogre
 10811 | D:11     | Killed a two-headed ogre
 10812 | D:11     | Reached skill level 10 in Fighting
 10812 | D:11     | Reached skill level 1 in Long Blades
 10834 | D:11     | Noticed a two-headed ogre
 10840 | D:11     | Killed a two-headed ogre
 10870 | D:11     | Found a sacrificial altar of Ru.
 11222 | D:12     | Reached * piety under Ashenzari
 11222 | D:12     | Identified a scroll of acquirement
 11312 | D:12     | Acquired the +0 scimitar of Extinguishment {freeze, Fly
                  | rN++ Int+3 Dex+2}
 11776 | D:12     | Found a blossoming altar of Fedhas.
 12222 | D:12     | Reached XP level 13. HP: 94/99 MP: 0/0
 12222 | D:12     | Learned a level 5 spell: Irradiate
 12932 | Lair:1   | Entered Level 1 of the Lair of Beasts
 13752 | Lair:2   | Noticed a five-headed hydra
 13762 | Lair:2   | Killed a five-headed hydra
 13788 | Lair:2   | Noticed Amaemon
 13800 | Lair:2   | Killed Amaemon
 13833 | Lair:2   | Found a dark tunnel.
 14627 | Lair:3   | Identified the +1 pair of gloves of Otifoabb {Str+6}
 14766 | Lair:3   | Reached skill level 5 in Long Blades
 14789 | Lair:3   | Found a staircase to the Shoals.
 15135 | Lair:3   | Found a hole to the Spider Nest.
 15454 | Lair:4   | Noticed a six-headed hydra
 15461 | Lair:4   | Killed a six-headed hydra
 15494 | Lair:4   | Reached XP level 14. HP: 105/108 MP: 0/0
 15713 | Lair:4   | Found a gate leading to a gauntlet.
 15722 | Gauntlet | Entered a Gauntlet
 15722 | Gauntlet | Found a transporter.
 15722 | Gauntlet | Found a transporter.
 15722 | Gauntlet | Found a transporter.
 15726 | Gauntlet | Found a transporter.
 15726 | Gauntlet | Found a transporter.
 15726 | Gauntlet | Found a transporter.
 15975 | Lair:4   | Found a viscous altar of Jiyva.
 15975 | Lair:4   | Found a staircase to the Slime Pits.
 16212 | Lair:5   | Entered Level 5 of the Lair of Beasts
 16611 | Lair:5   | Identified the +6 short sword "Isethria" {freeze, rC+++
                  | Will-}
 16663 | Lair:5   | Identified the Compilation of Neurosis (You found it on
                  | level 6 of the Dungeon)
 16672 | Lair:5   | Reached ** piety under Ashenzari
 16766 | Lair:5   | Reached skill level 15 in Spellcasting
 16781 | Lair:5   | Reached XP level 15. HP: 85/120 MP: 0/0
 16781 | Lair:5   | Learned a level 6 spell: Iron Shot
 17797 | Orc:1    | Entered Level 1 of the Orcish Mines
 17869 | Orc:1    | Paralysed by an orc sorcerer for 5 turns
 18126 | Orc:1    | Found Ogao's Book Boutique.
 18231 | Orc:2    | Entered Level 2 of the Orcish Mines
 18244 | Orc:2    | Found a staircase to the Elven Halls.
 18421 | Orc:2    | Found Loyng's Jewellery Boutique.
 18470 | Orc:2    | Found Faen's Magic Scroll Shoppe.
 18506 | Orc:2    | Found Qeulem's Assorted Antiques.
 18620 | Orc:2    | Bought an amber-encrusted leather armour for 231 gold
                  | pieces
 18620 | Orc:2    | Identified the +0 leather armour "Jooghoet" {Str+2} (You
                  | bought it in a shop on level 2 of the Orcish Mines)
 18620 | Orc:2    | Bought a large steel ring for 165 gold pieces
 18627 | Orc:2    | Bought a scroll of enchant weapon for 82 gold pieces
 18627 | Orc:2    | Bought a scroll of enchant weapon for 82 gold pieces
 18627 | Orc:2    | Bought a scroll of teleportation for 33 gold pieces
 18646 | Orc:2    | Found Apesareg's Jewellery Shoppe.
 18653 | Orc:2    | Bought a ring of protection from cold for 400 gold pieces
 19403 | D:13     | Noticed Erolcha
 19410 | D:13     | Killed Erolcha
 19525 | D:13     | Noticed Frances
 19529 | D:13     | Killed Frances
 19766 | D:13     | Reached *** piety under Ashenzari
 20076 | D:13     | Reached XP level 16. HP: 80/132 MP: 0/0
 20307 | D:13     | Found a gate to the Vaults.
 20927 | Spider:1 | Entered Level 1 of the Spider Nest
 21231 | Spider:1 | Reached skill level 1 in Evocations
 21257 | Spider:1 | Noticed an emperor scorpion
 21261 | Spider:1 | Killed an emperor scorpion
 22146 | Spider:2 | Noticed Arachne
 22153 | Spider:2 | Killed Arachne
 22636 | Spider:3 | Noticed an emperor scorpion
 22645 | Spider:3 | Killed an emperor scorpion
 22826 | Spider:3 | Reached XP level 17. HP: 128/141 MP: 0/0
 22826 | Spider:3 | Learned a level 6 spell: Simulacrum
 22826 | Spider:3 | Noticed Agnes
 22835 | Spider:3 | Killed Agnes
 23011 | Spider:4 | Entered Level 4 of the Spider Nest
 23100 | Spider:4 | Noticed Asterion
 23110 | Spider:4 | Killed Asterion
 23261 | Spider:4 | Identified the +1 cloak of the Northern Lights {rPois Str+2
                  | Int+3 Stlth-}
 23272 | Spider:4 | Reached skill level 15 in Fighting
 23275 | Spider:4 | Reached skill level 5 in Evocations
 23495 | Spider:4 | Reached skill level 10 in Long Blades
 23561 | Spider:4 | Noticed Nikola
 23761 | Spider:4 | Killed Nikola
 23762 | Spider:4 | Reached XP level 18. HP: 101/151 MP: 0/0
 23925 | Spider:4 | Got a gossamer rune of Zot
 24776 | Shoals:1 | Entered Level 1 of the Shoals
 25182 | Shoals:2 | Found Jafi Dya's Weapon Shoppe.
 25732 | Shoals:3 | Noticed a kraken
 25737 | Shoals:3 | Killed a kraken
 25786 | Shoals:3 | HP: 5/153 [water nymph/the raging water (25)]
 25786 | Shoals:3 | Hit by a silver javelin thrown by a merfolk javelineer

Illustrated notes

Levels and vault maps discovered:
D:1:      wander_arrival_fairy_ring, layout_basic,
          chequers_serial_rivers_micro_c
D:2:      layout_basic, minivault_14, minmay_three_crescents
D:3:      layout_rooms, mainiacjoe_overflow_24_doors, serial_shops,
          nicolae_shop_bloodbath_and_beyond, gammafunk_ghost_abyssal_escape,
          serial_undead, serial_undead_c, serial_undead_e, serial_undead_d,
          serial_undead_e, serial_undead_e, serial_undead_d, uniq_jessica
D:4:      layout_loops_ring, mainiacjoe_overflow_catwalk
D:5:      minmay_general_purpose_star, layout_layer_cave
D:6:      layout_basic, minmay_temple_entry_statues,
          minmay_fractal_squares_gapless_5, uniq_prince_ribbit1, uniq_sigmund,
          uniq_crazy_yiuf_cottage
D:7:      layout_rooms, lemuel_round_altar, general_overflow_altar,
          mainiacjoe_overflow_concentric_impassable,
          ebering_dispersal_statue_hall, uniq_pikel
D:8:      layout_gridville, makhleb_altar_promises_db, kennysheep_mini
D:9:      layout_roguey, lemuel_tele_altar, david_lair_shrubbed,
          item_on_display_a, uniq_psyche
D:10:     nzn_winding_woodlands_cross [nzn_winding_woodlands_5x15_longhouse,
          nzn_winding_woodlands_5x15_default,
          nzn_winding_woodlands_5x15_river_crossing,
          nzn_winding_woodlands_5x15_concentric,
          nzn_winding_woodlands_15x15_thick_spiral], layout_loops_ring,
          kennysheep_mini_moat, kennysheep_orc_monster_closet_entryway,
          minmay_misc_feat_hallway, uniq_nergalle
D:11:     layout_basic, grunt_ministairs_8, nicolae_ru_path_of_blood
D:12:     layout_basic, fedhas_bush_and_centaur_altar
D:13:     layout_layer_cave, grunt_vaults_entry_fortified, grunt_ministairs_15,
          uniq_frances, uniq_erolcha
Temple:   nicolae_temple_bog_church
Lair:1:   layout_cave_pods, chequers_serial_rivers_room_a,
          grunt_forest_large_clearings
Lair:2:   layout_regular_city, nicolae_volcano_entry_lava_flow,
          grunt_megastairs_1, uniq_amaemon
Lair:3:   cheibrodos_magma_flow, layout_chaotic_city, elwin_shoals_entry_rocks,
          dummy_spider_entry, nicolae_lair_liquid_snakes, serial_bayou_shore_b
Lair:4:   layout_gridlike, dpeg_slime_entry_enclosed, gauntlet_entry_generic
Lair:5:   hangedman_lair_tendril_chambers, layout_hall_layers
Shoals:1: layout_shoals, serial_shops, shop, overgrown_hall
Shoals:2: layout_shoals, serial_shops, nicolae_shop_trees
Shoals:3: layout_shoals, nicolae_shoals_loop_pool
Spider:1: layout_spider_delve
Spider:2: layout_chambers, drop_trap, nicolae_crawler_farm, uniq_arachne
Spider:3: layout_spider_delve, uniq_agnes
Spider:4: johnstein_spider_rune_arachne_lair, nicolae_spider_jagged_tunnels,
          uniq_asterion, uniq_nikola
Orc:1:    layout_caves, serial_shops, shop
Orc:2:    hellmonk_orc_salted, layout_caves, basic_altar, mines4_lemuel

Skill      XL: |  1  2  3  4  5  6  7  8  9 10 11 12 13 14 15 16 17 18 |
---------------+-------------------------------------------------------+-----
Spellcasting   | 4 5 6 7 8 10 11 12 13 15 16 | 16.7
Fighting       | 2 3 4 6 7 9 10 11 13 14 15 16 | 16.7
Armour         | 2 3 4 5 |  5.0
Shields        | 3 5 7 |  7.4
Dodging        | 3 5 |  5.0
Long Blades    | 2 5 7 11 12 | 12.9
Evocations     | 3 5 |  5.0
Stealth        | |  1.5

Action                   |  1- 3 |  4- 6 |  7- 9 | 10-12 | 13-15 | 16-18 || total
-------------------------+-------+-------+-------+-------+-------+-------++-------
Melee: Falchion          |     2 |     1 |    32 |       |       |       ||    35
       Halberd           |       |       |     7 |       |       |       ||     7
       Scimitar          |       |       |       |       |    39 |    34 ||    73
 Cast: Magic Dart        |    69 |    81 |   124 |   208 |   196 |     8 ||   686
       Searing Ray       |     1 |     5 |     7 |    20 |    20 |       ||    53
       Dazzling Flash    |     1 |       |       |       |       |       ||     1
       Iskenderun's Myst |       |     6 |    32 |   107 |   237 |   110 ||   492
       Poisonous Vapours |       |     1 |       |       |   157 |   139 ||   297
       Fulminant Prism   |       |       |     8 |    50 |    48 |    16 ||   122
       Passage of Golubr |       |       |       |     3 |       |       ||     3
       Summon Small Mamm |       |       |       |     1 |     1 |     2 ||     4
       Irradiate         |       |       |       |       |     1 |       ||     1
       Iron Shot         |       |       |       |       |    73 |   173 ||   246
       Simulacrum        |       |       |       |       |       |    55 ||    55
       Anguish           |       |       |       |       |       |     1 ||     1
Invok: Curse Item        |       |       |       |     2 |     2 |     1 ||     5
  Use: Scroll            |       |       |    13 |     6 |       |     9 ||    28
       Potion            |       |       |       |       |     2 |    10 ||    12
 Stab: Sleeping          |       |       |       |       |     1 |       ||     1
Armor: Ring mail         |     4 |     4 |    24 |     2 |       |       ||    34
       Steam dragon scal |       |       |       |    10 |       |       ||    10
       Troll leather arm |       |       |       |     3 |    23 |    35 ||    61
Dodge: Dodged            |     8 |    11 |    48 |    33 |    31 |    65 ||   196
Block: Other             |       |     1 |     2 |       |       |       ||     3
       Kite shield       |       |       |       |    30 |    50 |    73 ||   153
